 Dungeon Crawl Stone Soup version 0.28-a0-464-g0687ed57fd (webtiles) character file.

Game seed: 10097038220740615046

11914 kirax the Cleaver (level 11, -1/99 HPs)
             Began as a Minotaur Berserker on Sept 13, 2021.
             Was a High Priest of Trog.
             Slain by a death yak (12 damage)
             ... on level 11 of the Dungeon.
             The game lasted 00:39:00 (10273 turns).

kirax the Cleaver (Minotaur Berserker)             Turns: 10273, Time: 00:39:01

Health: -1/99      AC: 14    Str: 22    XL:     11   Next: 55%
Magic:  10/10      EV:  8    Int:  4    God:    Trog [*****.]
Gold:   619        SH: 16    Dex: 19    Spells: 10/10 levels left

rFire   + . .      SeeInvis .   l - +2 whip (freeze)
rCold   . . .      Faith    .   k - +0 tower shield
rNeg    . . .      Spirit   .   s - +0 plate armour
rPois   .          Reflect  .   (helmet restricted)
rElec   .          Harm     .   (no cloak)
rCorr   .          Rampage  .   (no gloves)
Will    .....                   (no boots)
Stlth   ..........              e - amulet of regeneration
HPRegen 1.26/turn               r - +6 ring of dexterity
MPRegen 0.12/turn               t - ring of protection from fire

@: on berserk cooldown, very slightly contaminated, slowed, invisible, very slow
A: horns 2, retaliatory headbutt
a: Renounce Religion, Berserk, Trog's Hand, Brothers in Arms


You were on level 11 of the Dungeon.
You worshipped Trog.
Trog was extremely pleased with you.
You visited 1 branch of the dungeon, and saw 11 of its levels.
You also visited: Sewer.

You collected 619 gold pieces.

Inventory:

Hand Weapons
 l - a +2 whip of freezing (weapon)
 u - a +4 hand axe of freezing
Armour
 k - a +0 tower shield (worn)
 s - a +0 plate armour (worn)
Jewellery
 e - an amulet of regeneration (around neck)
 r - a +6 ring of dexterity (left hand)
 t - a ring of protection from fire (right hand)
Wands
 a - a wand of iceblast (21)
 b - a wand of mindburst (10)
 d - a wand of flame (11)
 h - a wand of polymorph (13)
Scrolls
 c - a scroll of torment
 f - 4 scrolls of teleportation
 g - 3 scrolls of enchant weapon
 j - 3 scrolls of blinking
 m - 3 scrolls of identify
 q - 2 scrolls of immolation
 w - a scroll of brand weapon
Potions
 i - a potion of might
 n - 3 potions of flight
 o - 3 potions of heal wounds
 p - 2 potions of curing
 x - a potion of brilliance


   Skills:
 + Level 9.9 Fighting
 * Level 13.2 Axes
 + Level 9.6 Armour
 + Level 8.8 Dodging
 + Level 8.1 Shields


You had 10 spell levels left.
You didn't know any spells.
Your spell library was empty.

Dungeon Overview and Level Annotations

Branches:
Dungeon (11/15)            Temple (0/1) D:6           Sewer (visited)
   Lair: D:8-11         Orc: D:9-12

Altars:
Kikubaaqudgha
Okawaru

Shops:
D:1 *

Annotations:
D:6 3 runed translucent doors, Musti's ghost, novice MiFi
D:9 3 runed translucent doors, paps's ghost, journeyman OpEn


Innate Abilities, Weirdness & Mutations

You have a pair of horns on your head.
You reflexively headbutt those who attack you in melee.


Message History

The death yak gores you!!
You are too injured to fight recklessly!
You are too injured to fight recklessly!
You are too injured to fight recklessly!
You are too injured to fight recklessly!
You are too injured to fight recklessly!
You are too injured to fight recklessly!
You are too injured to fight recklessly!
You whack the death yak! You freeze the death yak. You headbutt the death yak!
The death yak is almost dead.
You whack the death yak! You freeze the death yak.
You kill the death yak!
Trog accepts your kill.
Your Shields skill increases to level 8!
You are no longer berserk.
You are exhausted.
You feel yourself slow down.
The death yak gores you but does no damage.
The death yak gores you.
You see here a hydra corpse.
You whack the death yak! You freeze the death yak. You headbutt the death yak.
The death yak is lightly wounded.
The death yak gores you!
* * * LOW HITPOINT WARNING * * *
The death yak gores you!
* * * LOW HITPOINT WARNING * * *
The death yak gores you.
* * * LOW HITPOINT WARNING * * *
Okay, then.
Press: ? - help, v - describe, . - travel
Here: a death yak (lightly wounded)
The floor.
You fade into invisibility!
The death yak closely misses you. You furiously retaliate!
You headbutt the death yak! The death yak barely misses you.
You furiously retaliate!
You headbutt the death yak! You block the death yak's attack.
You are very lightly contaminated with residual magic.
The death yak gores you!
You die...

..#
#######.###
#.........#
#.........###
#...........#
#.Y.......#...
#YY.......# #
#Y#########
#@# #.## #..#
##.## #..# #
###'########
##.
#..........#
#.#.
#..........+
.....
#..........#


You could see 4 death yaks.

Vanquished Creatures
  A hydra (D:11)
  3 two-headed ogres (D:9)
  2 death yaks (D:11)
  Pikel (D:5)
  2 kobold demonologists (D:9)
  Maggie (D:8)
  An unseen horror (D:10)
  Grinder (D:4)
  Sigmund (D:2)
  2 wyverns (D:9)
  3 vampire mosquitoes (D:10)
  A water moccasin (D:7)
  2 orc warriors
  A sky beast (D:6)
  An ice beast (D:5)
  3 black bears
  A necrophage (D:7)
  2 ogres
  6 centaurs
  12 kobold brigands
  Blork the orc (D:6)
  A bullfrog (D:6)
  A gnoll sergeant (D:8)
  14 killer bees
  2 vampire bats (D:3)
  5 wights (D:8)
  3 howler monkeys
  A bullfrog zombie (D:6)
  3 centaur zombies
  7 orc priests
  5 hounds
  2 iguanas
  8 orc wizards
  A killer bee zombie (D:6)
  2 hound skeletons (D:4)
  A howler monkey zombie (D:8)
  9 gnolls
  2 howler monkey skeletons (D:5)
  2 river rats (Sewer)
  7 adders
  4 shadow imps
  A white imp (D:7)
  3 worms
  An adder skeleton (D:4)
  4 dart slugs
  21 orcs
  8 bats (D:3)
  2 endoplasms
  7 giant cockroaches
  6 goblins
  10 hobgoblins
  3 jackals
  26 kobolds
  5 quokkas
  6 ball pythons
  A frilled lizard (D:2)
  8 kobold skeletons (D:9)
  10 kobold zombies (D:9)
  6 rats
256 creatures vanquished.

Vanquished Creatures (collateral kills)
  A death yak (D:11)
1 creature vanquished.

Vanquished Creatures (others)
  A fungus (D:9)
  3 plants (D:9)
4 creatures vanquished.

Grand Total: 261 creatures vanquished

Notes
Turn   | Place    | Note
-------+----------+-------------------------------------------
     0 | D:1      | kirax the Minotaur Berserker began the quest for the Orb.
     0 | D:1      | Reached XP level 1. HP: 19/19 MP: 0/0
   147 | D:1      | Found Juugedum's General Store.
   356 | D:1      | Reached XP level 2. HP: 20/27 MP: 1/1
   750 | D:1      | Reached skill level 4 in Axes
  1010 | D:2      | Noticed Sigmund
  1138 | D:2      | Reached XP level 3. HP: 27/33 MP: 2/2
  1413 | D:2      | Killed Sigmund
  1414 | D:2      | Reached skill level 5 in Axes
  1414 | D:2      | Reached XP level 4. HP: 41/41 MP: 3/3
  1414 | D:2      | Reached XP level 5. HP: 47/47 MP: 4/4
  1573 | D:2      | Found a faded altar of an unknown god.
  1989 | D:3      | Reached ** piety under Trog
  2032 | D:3      | Reached XP level 6. HP: 55/55 MP: 5/5
  2103 | D:3      | Reached skill level 5 in Fighting
  2103 | D:3      | Reached skill level 6 in Axes
  2719 | D:3      | Found an iron altar of Okawaru.
  3540 | D:4      | Noticed Grinder
  3555 | D:4      | Killed Grinder
  3556 | D:4      | Reached skill level 7 in Axes
  3556 | D:4      | Reached XP level 7. HP: 61/61 MP: 6/6
  3945 | D:4      | Reached skill level 5 in Armour
  3948 | D:4      | Reached skill level 1 in Shields
  4321 | D:5      | Entered Level 5 of the Dungeon
  4397 | D:5      | Reached XP level 8. HP: 70/70 MP: 7/7
  4484 | D:5      | Noticed Pikel
  4506 | D:5      | Killed Pikel
  4507 | D:5      | Reached skill level 8 in Axes
  4507 | D:5      | Reached skill level 5 in Dodging
  4644 | D:5      | Found a glowing drain.
  4668 | Sewer    | Entered a sewer
  4751 | Sewer    | Reached skill level 9 in Axes
  4793 | Sewer    | Found a white marble altar of Elyvilon.
  4874 | D:5      | Reached *** piety under Trog
  5209 | D:6      | Reached XP level 9. HP: 79/79 MP: 8/8
  5260 | D:6      | Found a runed translucent gate.
  5260 | D:6      | Found a runed translucent gate.
  5261 | D:6      | Found a runed translucent gate.
  5264 | D:6      | Noticed Musti's ghost (novice MiFi)
  5692 | D:6      | Noticed Blork the orc
  5707 | D:6      | Killed Blork the orc
  5770 | D:6      | Found a staircase to the Ecumenical Temple.
  6113 | D:7      | Reached skill level 10 in Axes
  6514 | D:7      | Reached skill level 5 in Shields
  7132 | D:8      | Reached **** piety under Trog
  7161 | D:8      | Noticed Maggie
  7167 | D:8      | Killed Maggie
  7239 | D:8      | Reached XP level 10. HP: 88/88 MP: 9/9
  7312 | D:8      | Reached skill level 11 in Axes
  7932 | D:9      | Noticed a two-headed ogre
  7936 | D:9      | Killed a two-headed ogre
  8362 | D:9      | Noticed a two-headed ogre
  8374 | D:9      | Killed a two-headed ogre
  8375 | D:9      | Reached skill level 12 in Axes
  8630 | D:9      | Found a runed translucent gate.
  8630 | D:9      | Found a runed translucent gate.
  8630 | D:9      | Found a runed translucent gate.
  8630 | D:9      | Noticed paps's ghost (journeyman OpEn)
  8709 | D:9      | Noticed a two-headed ogre
  8716 | D:9      | Killed a two-headed ogre
  8897 | D:9      | Reached ***** piety under Trog
  8926 | D:9      | Reached XP level 11. HP: 89/97 MP: 10/10
  9001 | D:9      | Noticed a sun demon
  9024 | D:9      | Found an ancient bone altar of Kikubaaqudgha.
  9377 | D:10     | Entered Level 10 of the Dungeon
 10228 | D:11     | Noticed a death yak
 10228 | D:11     | Noticed a death yak
 10228 | D:11     | Noticed a seven-headed hydra
 10240 | D:11     | Noticed a death yak
 10241 | D:11     | Killed a death yak
 10241 | D:11     | Noticed a death yak
 10242 | D:11     | Noticed a death yak
 10247 | D:11     | Noticed a death yak
 10249 | D:11     | Noticed a death yak
 10250 | D:11     | Killed a seven-headed hydra
 10257 | D:11     | Killed a death yak
 10258 | D:11     | Reached skill level 13 in Axes
 10269 | D:11     | Killed a death yak
 10273 | D:11     | Slain by a death yak

Illustrated notes

Levels and vault maps discovered:
D:1:      nzn_arrival_crosshair, layout_loops_ring, serial_shops,
          shop_fountains, minmay_stone_trees_large
D:2:      layout_basic, chequers_ecumenical_altar_grove, minmay_crystal_water,
          uniq_sigmund
D:3:      layout_basic, okawaru_metal_pillars_1_2, roderic_batcave
D:4:      layout_loops_corners, uniq_grinder
D:5:      layout_rooms, gup_sewer_entry_pipe, uniq_pikel
D:6:      layout_gridville, temple_pool_b, ebering_ghost_rock_garden,
          minmay_misc_feat_five, uniq_blork_the_orc
D:7:      layout_basic
D:8:      layout_gridville, uniq_maggie
D:9:      wander_kiku_kobolds, layout_basic, gammafunk_ghost_nasty_kobolds
D:10:     layout_roguey, minmay_crystal_room, minmay_misc_feat_more_columns
D:11:     layout_roguey, dpeg_lair_monsters, erik_orc_3

Skill      XL: |  1  2  3  4  5  6  7  8  9 10 11 |
---------------+----------------------------------+-----
Axes           | 4 5 7 9 10 12 13 | 13.2
Fighting       | 4 5 6 7 8 9 |  9.9
Armour         | 3 4 5 6 7 8 9 |  9.6
Dodging        | 3 4 5 6 8 |  8.8
Shields        | 1 3 5 7 8 |  8.1

Action                   |  1- 3 |  4- 6 |  7- 9 | 10-12 || total
-------------------------+-------+-------+-------+-------++-------
Melee: Hand axe          |    62 |   114 |   348 |   205 ||   729
       Headbutt          |     8 |    26 |    74 |    57 ||   165
       Whip              |       |       |       |    25 ||    25
       Unarmed           |       |       |       |    13 ||    13
Throw: Stone             |     1 |    13 |       |       ||    14
Invok: Berserk           |     4 |     3 |    10 |     6 ||    23
       Trog's Hand       |       |     2 |     1 |     1 ||     4
       Brothers in Arms  |       |       |       |     1 ||     1
  Use: Scroll            |       |     1 |     8 |     7 ||    16
       Potion            |       |       |     1 |     2 ||     3
 Stab: Confused          |       |       |       |     1 ||     1
Armor: Chain mail        |    21 |    68 |   120 |       ||   209
       Plate armour      |       |       |    40 |    85 ||   125
       Skin              |       |       |       |     1 ||     1
Dodge: Dodged            |    18 |    39 |    64 |    40 ||   161
Block: Tower shield      |       |       |   226 |   167 ||   393

Table legend: (Time is in decaauts)
 A = Elapsed time spent in this place.
 B = Non-inter-level travel time spent in this place.
 C = Inter-level travel time spent in this place.
 D = Time resting spent in this place.
 E = Time spent auto-exploring this place.
 F = Levels seen in this place.
 G = Mean time per level.
                   A        B        C        D        E       F      G
               +--------+--------+--------+--------+--------+-----+--------+
         Total |  10622 |  10364 |    258 |   2355 |   5655 |  12 |  885.2 |
       Dungeon |  10398 |  10140 |    258 |   2355 |   5537 |  11 |  945.3 |
         Sewer |    224 |    224 |      0 |      0 |    117 |   1 |  224.0 |
               +--------+--------+--------+--------+--------+-----+--------+

Top non-repeatable levels by time:
     D:8: 1448 daAuts
     D:3: 1261 daAuts
     D:1: 1256 daAuts
     D:9: 1229 daAuts
     D:4: 1128 daAuts
     D:6: 936 daAuts
     D:2: 786 daAuts
    D:10: 770 daAuts
     D:5: 752 daAuts
     D:7: 712 daAuts
   Sewer: 224 daAuts
    D:11: 115 daAuts
